SL
ATHLETIC CLUB KC @ NEW AMSTERDAM DUTCHMEN
09/01/2031
 
TOP OF THE 1ST
Athletic Club KC batting - Pitching for New Amsterdam Dutchmen : RHP Jason Hamilton
Pitching: RHP Jason Hamilton
Batting: LHB Manuel Domínguez 0-0: Ball
1-0: Ball
2-0: Called Strike
2-1: Foul Ball, location: 2F
2-2: Ground out 1-3 (Groundball, 13S)
Batting: RHB Jesús Vargas 0-0: Called Strike
0-1: Foul Ball, location: 2F
0-2: Foul Ball, location: 2F
0-2: Strikes out looking
Batting: LHB Tsai Ng 0-0: Fly out, F3 (Line Drive, 3)
Top of the 1st over - 0 runs, 0 hits, 0 errors, 0 left on base; Athletic Club KC 0 - New Amsterdam 0
BOTTOM OF THE 1ST
New Amsterdam Dutchmen batting - Pitching for Athletic Club KC : RHP Stanley Yelnats
Pitching: RHP Stanley Yelnats
Batting: LHB Arthur Ryan 0-0: Called Strike
0-1: Called Strike
0-2: Fly out, F6 (Popup, 6)
Batting: LHB Jorge Vargas 0-0: Foul Ball, location: 2F
0-1: Foul Ball, location: 2F
0-2: Foul Ball, location: 2F
0-2: Ball
1-2: SOLO HOME RUN (Flyball, 9D), Distance : 389 ft
Batting: RHB Jon Osterman 0-0: Ball
1-0: Called Strike
1-1: Ball
2-1: SINGLE (Line Drive, 56D)
Batting: LHB SaQwan Hackett 0-0: Called Strike
Jon Osterman steals 2nd base
0-1: Ball
Jon Osterman steals 3rd base
1-1: Ball
2-1: Swinging Strike
2-2: Ball
3-2: Foul Ball, location: 2F
3-2: Foul Ball, location: 2F
3-2: Ground out U3 (Groundball, 3S)
Batting: RHB Hank Wilder 0-0: Ball
1-0: DOUBLE (Flyball, 78XD)
Jon Osterman scores
Batting: LHB Félix López 0-0: Called Strike
0-1: Foul Ball, location: 2F
0-2: Ground out 1-3 (Groundball, P)
Bottom of the 1st over - 2 runs, 3 hits, 0 errors, 1 left on base; Athletic Club KC 0 - New Amsterdam 2
TOP OF THE 2ND
Athletic Club KC batting - Pitching for New Amsterdam Dutchmen : RHP Jason Hamilton
Batting: SHB Pedro Vázquez 0-0: Foul Ball, location: 2F
0-1: Foul Ball, location: 2F
0-2: Ball
1-2: Foul Ball, location: 2F
1-2: Foul Ball, location: 2F
1-2: Strikes out swinging
Batting: LHB Jesús Reyes 0-0: Foul Ball, location: 2F
0-1: Foul Ball, location: 2F
0-2: SOLO HOME RUN (Flyball, 9LD), Distance : 358 ft
Batting: SHB Sul-shik Yu 0-0: Fly out, F6 (Popup, 6)
Batting: RHB Andrés Rodríguez 0-0: Called Strike
0-1: Called Strike
0-2: Fly out, F8 (Flyball, 8RXD)
Top of the 2nd over - 1 run, 1 hit, 0 errors, 0 left on base; Athletic Club KC 1 - New Amsterdam 2
BOTTOM OF THE 2ND
New Amsterdam Dutchmen batting - Pitching for Athletic Club KC : RHP Stanley Yelnats
Batting: LHB Cornelius Taitt 0-0: Foul Ball, location: 2F
0-1: Called Strike
0-2: Ball
1-2: Strikes out swinging
Batting: RHB Mario Rivera 0-0: Called Strike
0-1: Foul Ball, location: 2F
0-2: Ball
1-2: Foul Ball, location: 2F
1-2: Ball
2-2: Strikes out looking
Batting: RHB David Pérez 0-0: Foul Ball, location: 2F
0-1: Foul Ball, location: 2F
0-2: Ball
1-2: Ball
2-2: Strikes out swinging
Bottom of the 2nd over - 0 runs, 0 hits, 0 errors, 0 left on base; Athletic Club KC 1 - New Amsterdam 2
TOP OF THE 3RD
Athletic Club KC batting - Pitching for New Amsterdam Dutchmen : RHP Jason Hamilton
Batting: RHB Pedro Solís 0-0: Foul Ball, location: 2F
0-1: Called Strike
0-2: Ball
1-2: SINGLE (Groundball, 56D)
Batting: RHB Khal Drogo 0-0: Fly out, F8 (Flyball, 8RD)
Batting: LHB Manuel Domínguez 0-0: Called Strike
0-1: Ball
1-1: Called Strike
1-2: Ball
Wild Pitch!
Pedro Solís to second
2-2: Ground out 4-3 (Groundball, 4)
Pedro Solís to third
Batting: RHB Jesús Vargas 0-0: Fly out, F6 (Popup, 6D)
Top of the 3rd over - 0 runs, 1 hit, 0 errors, 1 left on base; Athletic Club KC 1 - New Amsterdam 2
BOTTOM OF THE 3RD
New Amsterdam Dutchmen batting - Pitching for Athletic Club KC : RHP Stanley Yelnats
Batting: LHB Arthur Ryan 0-0: SINGLE (Groundball, 4MD)
Batting: LHB Jorge Vargas 0-0: Ball
1-0: Ground out U3 (Groundball, 34)
Arthur Ryan to second
Batting: RHB Jon Osterman 0-0: Called Strike
0-1: Ball
1-1: SINGLE (Line Drive, 7S)
Arthur Ryan to third
Runner from 3rd tries for Home, SAFE, no throw
Batting: LHB SaQwan Hackett 0-0: Ball
Jon Osterman is caught stealing 2nd base
1-0: Called Strike
1-1: Ball
2-1: Foul Ball, location: 2F
2-2: Foul Ball, location: 2F
2-2: Foul Ball, location: 2F
2-2: Ball
3-2: Ground out 6-3 (Groundball, 6M)
Bottom of the 3rd over - 1 run, 2 hits, 0 errors, 0 left on base; Athletic Club KC 1 - New Amsterdam 3
TOP OF THE 4TH
Athletic Club KC batting - Pitching for New Amsterdam Dutchmen : RHP Jason Hamilton
Batting: LHB Tsai Ng 0-0: Ball
1-0: Ground out 4-3 (Groundball, 4)
Batting: SHB Pedro Vázquez 0-0: DOUBLE (Line Drive, 7D)
Batting: LHB Jesús Reyes 0-0: Ball
1-0: DOUBLE (Flyball, 8RXD)
Pedro Vázquez scores
Batting: SHB Sul-shik Yu 0-0: Called Strike
0-1: Ball
1-1: Called Strike
1-2: Foul Ball, location: 2F
1-2: Ball
2-2: Ball
3-2: DOUBLE (Groundball, 3L)
Jesús Reyes scores
Batting: RHB Andrés Rodríguez 0-0: Ball
1-0: Called Strike
1-1: Called Strike
1-2: Ground out 5-3 (Groundball, 5L)
Batting: RHB Pedro Solís 0-0: Called Strike
0-1: Ball
1-1: Ball
2-1: Swinging Strike
2-2: Foul Ball, location: 2F
2-2: Ground out 5-3 (Groundball, 56S)
Top of the 4th over - 2 runs, 3 hits, 0 errors, 1 left on base; Athletic Club KC 3 - New Amsterdam 3
BOTTOM OF THE 4TH
New Amsterdam Dutchmen batting - Pitching for Athletic Club KC : RHP Felipe Aiba
Pitching: RHP Felipe Aiba
Batting: RHB Hank Wilder 0-0: Swinging Strike
0-1: SINGLE (Line Drive, 34D)
Batting: LHB Félix López 0-0: Ball
1-0: Ball
2-0: 2-RUN HOME RUN (Flyball, 9LD), Distance : 371 ft
Batting: LHB Cornelius Taitt 0-0: Ball
1-0: Fly out, F9 (Flyball, 9LM)
Batting: RHB Mario Rivera 0-0: Called Strike
0-1: Ball
1-1: Ball
2-1: Foul Ball, location: 2F
2-2: Ground out 4-3 (Groundball, 4)
Batting: RHB David Pérez 0-0: Called Strike
0-1: Ball
1-1: Foul Ball, location: 2F
1-2: Foul Ball, location: 2F
1-2: Strikes out looking
Bottom of the 4th over - 2 runs, 2 hits, 0 errors, 0 left on base; Athletic Club KC 3 - New Amsterdam 5
TOP OF THE 5TH
Athletic Club KC batting - Pitching for New Amsterdam Dutchmen : RHP Jason Hamilton
Batting: RHB Khal Drogo 0-0: Ball
1-0: Swinging Strike
1-1: Ground out 6-3 (Groundball, 6)
Batting: LHB Manuel Domínguez 0-0: Fly out, F8 (Flyball, 8RXD)
Batting: RHB Jesús Vargas 0-0: SINGLE (Line Drive, 6D)
Batting: LHB Tsai Ng 0-0: Ball
1-0: Swinging Strike
1-1: Ball
2-1: Called Strike
2-2: Foul Ball, location: 2F
2-2: Foul Ball, location: 2F
2-2: Ball
3-2: Foul Ball, location: 2F
3-2: Base on Balls
Jesús Vargas to second
Batting: SHB Pedro Vázquez 0-0: Ball
1-0: Ball
2-0: SINGLE (Flyball, 78S)
Jesús Vargas to third
Tsai Ng to second
Runner from 3rd tries for Home, SAFE, no throw
Batting: LHB Jesús Reyes 0-0: Called Strike
0-1: Called Strike
0-2: Ball
1-2: Fly out, F9 (Flyball, 89S)
Top of the 5th over - 1 run, 2 hits, 0 errors, 2 left on base; Athletic Club KC 4 - New Amsterdam 5
BOTTOM OF THE 5TH
New Amsterdam Dutchmen batting - Pitching for Athletic Club KC : RHP Felipe Aiba
Batting: LHB Arthur Ryan 0-0: Ball
1-0: Foul Ball, location: 2F
1-1: Swinging Strike
1-2: Ball
2-2: Foul Ball, location: 2F
2-2: Ball
3-2: Foul Ball, location: 2F
3-2: Strikes out swinging
Batting: LHB Jorge Vargas 0-0: Ball
1-0: Ball
2-0: Called Strike
2-1: Called Strike
2-2: Foul Ball, location: 2F
2-2: Foul Ball, location: 2F
2-2: Foul Ball, location: 2F
2-2: Foul Ball, location: 2F
2-2: Strikes out looking
Batting: RHB Jon Osterman 0-0: Called Strike
0-1: Ground out 6-3 (Groundball, 6)
Bottom of the 5th over - 0 runs, 0 hits, 0 errors, 0 left on base; Athletic Club KC 4 - New Amsterdam 5
TOP OF THE 6TH
Athletic Club KC batting - Pitching for New Amsterdam Dutchmen : RHP Jason Hamilton
Batting: SHB Sul-shik Yu 0-0: Ball
1-0: Swinging Strike
1-1: Fly out, F5 (Flyball, 5D)
Batting: RHB Andrés Rodríguez 0-0: Ball
1-0: Ball
2-0: Ground out 6-3 (Groundball, 6M)
Batting: RHB Pedro Solís 0-0: Swinging Strike
0-1: Ball
1-1: Ground out 5-3 (Groundball, 56)
Top of the 6th over - 0 runs, 0 hits, 0 errors, 0 left on base; Athletic Club KC 4 - New Amsterdam 5
BOTTOM OF THE 6TH
New Amsterdam Dutchmen batting - Pitching for Athletic Club KC : RHP Felipe Aiba
Batting: LHB SaQwan Hackett 0-0: Ball
1-0: Fly out, F7 (Flyball, 78D)
Batting: RHB Hank Wilder 0-0: Fly out, F9 (Flyball, 9S)
Batting: LHB Félix López 0-0: Called Strike
0-1: Swinging Strike
0-2: Ball
1-2: Ball
2-2: Foul Ball, location: 2F
2-2: Strikes out looking
Bottom of the 6th over - 0 runs, 0 hits, 0 errors, 0 left on base; Athletic Club KC 4 - New Amsterdam 5
TOP OF THE 7TH
Athletic Club KC batting - Pitching for New Amsterdam Dutchmen : RHP Jason Hamilton
Batting: RHB Khal Drogo 0-0: Ball
1-0: Ground out U3 (Groundball, 34S)
Batting: LHB Manuel Domínguez 0-0: Called Strike
0-1: Ball
1-1: Swinging Strike
1-2: Ball
2-2: Foul Ball, location: 2F
2-2: Strikes out swinging
Batting: RHB Jesús Vargas 0-0: Swinging Strike
0-1: Ball
1-1: Ground out U3 (Groundball, 3)
Top of the 7th over - 0 runs, 0 hits, 0 errors, 0 left on base; Athletic Club KC 4 - New Amsterdam 5
BOTTOM OF THE 7TH
New Amsterdam Dutchmen batting - Pitching for Athletic Club KC : RHP Felipe Aiba
Batting: LHB Cornelius Taitt 0-0: SINGLE (Flyball, 89M)
Pinch Hitting: LHB Sal Bradshaw 0-0: Sac Bunt - play at first, batter OUT! 1-4
Cornelius Taitt to second
Batting: RHB David Pérez 0-0: Called Strike
Cornelius Taitt steals 3rd base
0-1: Ball
1-1: Ball
2-1: Fly out, F9 (Line Drive, 9LS)
Runner from 3rd tags up, SCORES, no throw
Pitching: RHP Fred Pitts
Batting: LHB Arthur Ryan 0-0: Swinging Strike
0-1: Called Strike
0-2: Ball
1-2: Strikes out swinging
Bottom of the 7th over - 1 run, 1 hit, 0 errors, 0 left on base; Athletic Club KC 4 - New Amsterdam 6
TOP OF THE 8TH
Athletic Club KC batting - Pitching for New Amsterdam Dutchmen : RHP Jason Hamilton
Now at SS: Sal Bradshaw
Batting: LHB Tsai Ng 0-0: Ball
1-0: Foul Ball, location: 2F
1-1: Swinging Strike
1-2: Fly out, F9 (Flyball, 9LM)
Batting: SHB Pedro Vázquez 0-0: Fly out, F7 (Flyball, 7)
Batting: LHB Jesús Reyes 0-0: Swinging Strike
0-1: Swinging Strike
0-2: Strikes out looking
Top of the 8th over - 0 runs, 0 hits, 0 errors, 0 left on base; Athletic Club KC 4 - New Amsterdam 6
BOTTOM OF THE 8TH
New Amsterdam Dutchmen batting - Pitching for Athletic Club KC : RHP Fred Pitts
Pitching: RHP Raúl Luna
Batting: LHB Jorge Vargas 0-0: Fly out, F8 (Flyball, 8LD)
Batting: RHB Jon Osterman 0-0: Called Strike
0-1: Ball
1-1: Swinging Strike
1-2: Strikes out swinging
Batting: LHB SaQwan Hackett 0-0: Foul Ball, location: 2F
0-1: Ball
1-1: Fly out, F9 (Flyball, 89S)
Bottom of the 8th over - 0 runs, 0 hits, 0 errors, 0 left on base; Athletic Club KC 4 - New Amsterdam 6
TOP OF THE 9TH
Athletic Club KC batting - Pitching for New Amsterdam Dutchmen : RHP Jason Hamilton
Batting: SHB Sul-shik Yu 0-0: Ball
1-0: Ball
2-0: TRIPLE (Flyball, 89XD)
Pitching: RHP Glenn Butler
Batting: RHB Andrés Rodríguez 0-0: Called Strike
0-1: Called Strike
0-2: Ball
1-2: Strikes out swinging
Pinch Hitting: RHB Pil-joong Pak 0-0: Called Strike
0-1: Swinging Strike
0-2: Ball
1-2: Ball
2-2: Ball
3-2: Ground out 6-3 (Groundball, 6)
Batting: RHB Khal Drogo 0-0: Swinging Strike
0-1: Called Strike
0-2: Ball
1-2: Ball
2-2: Foul Ball, location: 2F
2-2: Foul Ball, location: 2F
2-2: Ball
3-2: Strikes out swinging
Top of the 9th over - 0 runs, 1 hit, 0 errors, 1 left on base; Athletic Club KC 4 - New Amsterdam 6
Tuesday, June 12th, 2018 - OOTP Baseball 18.8 Build 76